 Dungeon Crawl Stone Soup version 0.24.0-35-gdb84b6a5db (webtiles) character file.

Game seed: 5981770834131631584, levelgen mode: deterministic

1873 Flugslaktarn the Chopper (level 8, 0/74 HPs)
             Began as a Deep Dwarf Fighter on Nov 17, 2019.
             Was a Believer of Makhleb.
             Slain by a wight
             ... wielding a cursed +3 halberd of freezing
              (5 damage)
             ... on level 6 of the Dungeon.
             The game lasted 00:02:23 (4422 turns).

Flugslaktarn the Chopper (Deep Dwarf Fighter)       Turns: 4422, Time: 00:02:23

Health: 0/74       AC:  9    Str: 25    XL:     8   Next: 91%
Magic:  7/7        EV:  6    Int:  9    God:    Makhleb [**....]
Gold:   273        SH: 10    Dex: 12    Spells: 7/7 levels left

rFire    . . .     SeeInvis .   a - +0 war axe
rCold    . . .     Gourm    .   c - +0 shield
rNeg     . . .     Faith    .   x - +0 chain mail
rPois    .         Spirit   .   (no helmet)
rElec    .         Reflect  .   (no cloak)
rCorr    .         Harm     .   (no gloves)
MR       +....                  (no boots)
Stlth    ..........             l - amulet of rage
HPRegen  0.00/turn              y - +3 ring of strength
MPRegen  0.10/turn              (no ring)

@: non-regenerating, heavily drained
A: damage resistance, heal wounds, sense surroundings 1, no regeneration
a: Heal Wounds, Minor Destruction, Renounce Religion, Evoke Berserk Rage


You were on level 6 of the Dungeon.
You worshipped Makhleb.
Makhleb was pleased with you.
You were not hungry.

You visited 1 branch of the dungeon, and saw 6 of its levels.

You collected 273 gold pieces.

Inventory:

Hand Weapons
 a - a +0 war axe (weapon)
Armour
 c - a +0 shield (worn)
 x - a +0 chain mail (worn)
   (You found it on level 5 of the Dungeon)
Jewellery
 l - an amulet of rage (around neck)
   (You found it on level 2 of the Dungeon)
 y - a +3 ring of strength (left hand)
   (You found it on level 6 of the Dungeon)
Scrolls
 b - a scroll of fear {unknown}
 k - 3 scrolls of fog {unknown}
 p - 2 scrolls of amnesia {unknown}
 r - 6 scrolls of identify
 t - a scroll of enchant armour {unknown}
 u - a scroll of magic mapping {unknown}
 w - 2 scrolls of remove curse
Potions
 d - a potion of might
 f - a potion of flight
 g - a potion of resistance {unknown}
 h - 2 potions of haste
 i - a potion of magic {unknown}
 m - 5 potions of lignification
 n - a potion of brilliance {unknown}
 o - 3 potions of berserk rage {unknown}
 q - 5 potions of curing
 s - a potion of degeneration {unknown}
 v - a potion of cancellation {unknown}
Comestibles
 e - 14 rations


   Skills:
 + Level 5.1(2.7) Fighting
 * Level 7.7(5.1) Axes
 + Level 6.2(3.7) Armour
 + Level 6.1(3.6) Shields
 + Level 5.3(2.9) Invocations


You had 7 spell levels left.
You didn't know any spells.
Your spell library was empty.

Dungeon Overview and Level Annotations

Branches:
Dungeon (6/15)             Temple (0/1) D:4

Altars:
Makhleb
Ru
Xom


Innate Abilities, Weirdness & Mutations

You are resistant to damage.
You can heal yourself by infusing magical energy.
You passively map a small area around you.
You do not regenerate.


Message History

You kill the gnoll!
Makhleb accepts your kill. The iguana closely misses you.
You block the wight's attack. You block the gnoll's attack.
You hit the wight but do no damage.
The wight is heavily damaged.
You hit the iguana but do no damage. You completely miss the gnoll.
The iguana bites you!
* * * LOW HITPOINT WARNING * * *
The wight hits you but does no damage. You block the iguana's attack.
You block the gnoll's attack.
You hit the wight but do no damage.
The wight is heavily damaged.
You closely miss the iguana. You barely miss the gnoll.
The wight hits you with a cursed +3 halberd of freezing!
* * * LOW HITPOINT WARNING * * *
You feel drained.
* * * LOW HITPOINT WARNING * * *
The wight freezes you.
You die...

##...............##....
#.................#....
..........##.....#....
*###........#..#.....##.
*.#.........##..########.
.......#..###..* #..
##..##....[##.# ######. *
#....#l........ #...#.. ,
#....g@..#....###..<... *
##...z).##............. ,
#.......# .............
#....[... ............. ,
#.........,............ ,
...................<....
#...................####
##........%.#.......# **
* , #....##.#* ,


You could see an iguana, a wight and a gnoll.

Vanquished Creatures
  Grinder (D:4)
  A hungry ghost (D:4)
  Duvessa (D:5)
  2 ice beasts
  An ogre (D:4)
  2 centaurs
  Dowan (D:5)
  2 scorpions
  A jelly (D:5)
  3 wights (D:6)
  A howler monkey (D:5)
  2 crimson imps
  A bullfrog zombie (D:5)
  A quasit (D:5)
  A hound (D:5)
  A bullfrog skeleton (D:6)
  2 orc priests
  Natasha (thrice) (D:2)
  3 orc wizards
  An iguana (D:6)
  2 worker ants
  A hound zombie (D:5)
  3 gnolls (D:6)
  4 adders
  An ooze (D:5)
  An adder skeleton (D:4)
  3 worms
  2 dart slugs (D:1)
  2 leopard geckos
  15 orcs
  2 bats (D:2)
  5 giant cockroaches
  4 goblins
  2 hobgoblins (D:2)
  11 jackals
  A quokka (D:4)
  3 ball pythons
  2 frilled lizards
  8 kobolds
  A leopard gecko skeleton (D:4)
  5 rats
109 creatures vanquished.

Notes
Turn   | Place    | Note
-------+----------+-------------------------------------------
     0 | D:1      | Flugslaktarn the Deep Dwarf Fighter began the quest for the
                  | Orb.
     0 | D:1      | Reached XP level 1. HP: 20/20 MP: 1/1
   436 | D:1      | Reached XP level 2. HP: 27/27 MP: 2/2
   901 | D:2      | Found a shimmering altar of Xom.
  1292 | D:2      | Noticed Natasha
  1299 | D:2      | Killed Natasha
  1299 | D:2      | Reached skill level 3 in Axes
  1299 | D:2      | Reached XP level 3. HP: 25/34 MP: 3/3
  1333 | D:2      | Noticed Natasha
  1341 | D:2      | Killed Natasha
  1341 | D:2      | Reached XP level 4. HP: 29/42 MP: 3/3
  1544 | D:2      | Noticed Natasha
  1551 | D:2      | Killed Natasha
  1598 | D:2      | Found a burning altar of Makhleb.
  1599 | D:2      | Found a sacrificial altar of Ru.
  1865 | D:2      | Became a worshipper of Makhleb the Destroyer
  2146 | D:3      | Reached skill level 4 in Axes
  2146 | D:3      | Reached XP level 5. HP: 49/49 MP: 3/3
  2159 | D:3      | Reached skill level 1 in Invocations
  2176 | D:3      | Found a faded altar of an unknown god.
  2809 | D:4      | Found a staircase to the Ecumenical Temple.
  2810 | D:4      | Noticed Grinder
  2812 | D:4      | Noticed an ogre
  2821 | D:4      | Killed an ogre
  2821 | D:4      | Reached XP level 6. HP: 38/56 MP: 3/5
  2832 | D:4      | Killed Grinder
  2832 | D:4      | Reached skill level 5 in Axes
  2832 | D:4      | Reached XP level 7. HP: 58/63 MP: 5/5
  2849 | D:4      | Noticed a hungry ghost
  2850 | D:4      | Reached * piety under Makhleb
  2872 | D:4      | Killed a hungry ghost
  2996 | D:4      | Reached skill level 5 in Shields
  3002 | D:4      | Reached skill level 5 in Armour
  3160 | D:5      | Entered Level 5 of the Dungeon
  3210 | D:5      | Noticed Duvessa
  3213 | D:5      | Noticed Dowan
  3226 | D:5      | Killed Duvessa
  3226 | D:5      | Reached skill level 6 in Axes
  3234 | D:5      | Killed Dowan
  3325 | D:5      | Reached XP level 8. HP: 36/73 MP: 7/7
  3939 | D:5      | Reached skill level 7 in Axes
  4105 | D:5      | Reached ** piety under Makhleb
  4387 | D:6      | Reached skill level 5 in Fighting
  4387 | D:6      | Reached skill level 5 in Invocations
  4422 | D:6      | Slain by a wight

Levels and vault maps discovered:
D:1:      dpeg_arrival_refuge, layout_loops_corners
D:2:      layout_basic, gammafunk_temple_overflow_pools, moated_statue,
          chequers_serial_rivers_small_3, xom_teletrap_fun, uniq_natasha
D:3:      layout_basic, chequers_ecumenical_altar_grove
D:4:      layout_rooms, minmay_temple_entry_trees, first_ration, uniq_grinder
D:5:      layout_basic, kennysheep_generic_room_16, uniq_duvessa
D:6:      layout_cave_pools, lemuel_coloured_pillars_altar,
          uniq_crazy_yiuf_cottage

Skill      XL: |  1  2  3  4  5  6  7  8 |
---------------+-------------------------+-----
Fighting       | 3 4 5 |  5.1
Axes           | 3 4 5 6 7 |  7.7
Armour         | 4 5 6 |  6.2
Shields        | 4 5 6 |  6.1
Invocations    | 1 2 3 5 |  5.3

Action                   |  1- 3 |  4- 6 |  7- 9 || total
-------------------------+-------+-------+-------++-------
Melee: War axe           |    73 |   106 |   288 ||   467
 Abil: Heal Wounds       |     1 |     4 |     5 ||    10
  Use: Scroll            |       |       |     5 ||     5
  Eat: Chunk             |     1 |     4 |     7 ||    12
       Ration            |       |       |     2 ||     2
Armor: Scale mail        |    44 |    22 |       ||    66
       Chain mail        |       |    24 |   170 ||   194
Dodge: Dodged            |    34 |    25 |    87 ||   146
Block: Shield            |    43 |    61 |   181 ||   285
